 Dungeon Crawl Stone Soup version 0.27-a0-1006-g1fd4cec11e (webtiles) character file.

Game seed: 2986082900586913645

10126 Armakuni the Fighter (level 11, 92/92 HPs)
             Began as a Human Artificer on Apr 16, 2021.
             Was a Priest of Jiyva.
             Quit the game on level 3 of the Lair of Beasts on Apr 17, 2021.
             The game lasted 00:38:54 (14392 turns).

Armakuni the Fighter (Human Artificer)             Turns: 14392, Time: 00:38:54

Health: 92/92      AC: 12    Str: 17    XL:     11   Next: 87%
Magic:  11/11      EV: 15    Int: 15    God:    Jiyva [***...]
Gold:   303        SH:  0    Dex: 16    Spells: 10/10 levels left

rFire    + . .     SeeInvis .   a - +5 spear "Untoth" {pain, +Rage Stlth+}
rCold    + . .     Faith    .   (no shield)
rNeg     . . .     Spirit   .   p - +4 ring mail {rC+}
rPois    +         Reflect  .   n - +0 helmet
rElec    .         Harm     .   (no cloak)
rCorr    +         Rampage  .   j - +1 pair of gloves
Will     .....                  (no boots)
Stlth    ++........             (no amulet)
HPRegen  0.25/turn              P - ring of Wipribup {rPois rCorr Str+2 Int+3 Dex+2}
MPRegen  0.12/turn              F - ring of protection from fire

@: no status effects
A: pseudopods 1
a: Renounce Religion, Evoke Berserk Rage, Request Jelly


You were on level 3 of the Lair of Beasts.
You worshipped Jiyva.
Jiyva was most pleased with you.
You visited 3 branches of the dungeon, and saw 12 of its levels.
You also visited: Ossuary and Gauntlet.

You collected 447 gold pieces.
You spent 144 gold pieces at shops.

Inventory:

Hand Weapons
 a - the +5 spear "Untoth" (weapon) {pain, +Rage Stlth+}
   (You bought it in a shop on level 1 of the Dungeon)

   In the hands of one skilled in necromantic magic, it inflicts extra damage on
   living creatures.
   It lets you go berserk.
   It makes you more stealthy.
 y - a +1 trident of venom
 D - a +3 scimitar of flaming
Missiles
 f - 7 javelins
 m - 5 boomerangs (quivered)
 o - 4 throwing nets
 x - 5 atropa-tipped darts
Armour
 j - a +1 pair of gloves (worn)
 n - a +0 helmet (worn)
 p - a +4 ring mail of cold resistance (worn)
 C - +0 acid dragon scales
Jewellery
 E - the ring "Gaanecs" {Fire rPois Will- Str+4}
   (You found it in a Gauntlet)

   [ring of fire]

   It enhances your fire magic.
   It affects your strength (+4).
   It protects you from fire.
   It makes you vulnerable to cold.
   It protects you from poison.
   It decreases your willpower.
 F - a ring of protection from fire (right hand)
 P - the ring of Wipribup (left hand) {rPois rCorr Str+2 Int+3 Dex+2}
   (You found it in a Gauntlet)

   [ring of resist corrosion]

   It affects your strength (+2).
   It affects your intelligence (+3).
   It affects your dexterity (+2).
   It protects you from poison.
   It protects you from acid and corrosion.
Wands
 d - a wand of charming (9)
 g - a wand of digging (4)
 s - a wand of paralysis (12)
Scrolls
 c - 3 scrolls of brand weapon
 h - a scroll of vulnerability
 k - a scroll of fog
 l - 2 scrolls of amnesia
 v - 2 scrolls of teleportation
 G - a scroll of identify
Potions
 b - 3 potions of curing
 i - 5 potions of flight
 r - a potion of invisibility
 t - a potion of brilliance {unknown}
 w - a potion of might {unknown}
 z - a potion of resistance {unknown}
 A - a potion of magic {unknown}
 B - a potion of lignification {unknown}
Miscellaneous
 e - a piece from Xom's chessboard (inert)
 q - a box of beasts (inert)


   Skills:
 + Level 10.5 Fighting
 - Level 1.0 Maces & Flails
 - Level 4.6 Polearms
 - Level 8.8 Armour
 - Level 8.6 Dodging
 - Level 1.0 Stealth
 - Level 7.0 Evocations


You had 10 spell levels left.
You didn't know any spells.
Your spell library contained the following spells:

 Spells                   Type           Power      Damage    Failure   Level
 Animate Skeleton         Necr           0%         N/A       41%         1
 Apportation              Tloc           0%         N/A       41%         1
 Corona                   Hex            0%         N/A       41%         1
 Freeze                   Ice            0%         1d3       41%         1
 Pain                     Necr           0%         1d4       41%         1
 Summon Small Mammal      Summ           0%         N/A       41%         1
 Frozen Ramparts          Ice            0%         1d2       78%         3
 Ozocubu's Armour         Ice            0%         N/A       78%         3
 Vampiric Draining        Necr           0%         2d6       78%         3
 Animate Dead             Necr           0%         N/A       99%         4
 Hailstorm                Conj/Ice       0%         3d3       99%         4
 Agony                    Necr           0%         N/A       100%        5
 Irradiate                Conj/Tmut      0%         3d14      100%        5
 Metabolic Englaciation   Hex/Ice        0%         N/A       100%        5
 Blade Hands              Tmut           0%         N/A       100%        6
 Statue Form              Tmut/Erth      0%         N/A       100%        6
 Dragon Form              Tmut           0%         N/A       100%        7


Dungeon Overview and Level Annotations

Branches:
Dungeon (8/15)             Temple (1/1) D:6            Lair (3/6) D:8
Ossuary (visited)         Gauntlet (visited)
  Swamp: Lair:2-4    Shoals: Lair:2-4     Snake: Lair:2-4    Spider: Lair:2-4

Altars:
Ashenzari
Cheibriados
Dithmenos
Elyvilon
Fedhas
Gozag
Hepliaklqana
Kikubaaqudgha
Makhleb
Qazlal
Ru
Trog
Uskayaw
Vehumet
Wu Jian
Xom
Yredelemnul
Zin
Jiyva

Shops:
D:1 (


Innate Abilities, Weirdness & Mutations

Armour fits poorly on your pseudopods.


Message History

You miss the redback.
The redback is moderately wounded.
You recover from your berserk rage.
The redback closely misses you.
You closely miss the redback.
The redback is moderately wounded.
The redback barely misses you.
You puncture the redback! Your bludgeon misses the redback.
The redback is severely wounded.
The redback closely misses you. The redback misses you.
You hear a splatter.
You puncture the redback!
The redback is almost dead.
The redback closely misses you.
You closely miss the redback.
The redback is almost dead.
The redback bites you.
You barely miss the redback.
You bludgeon the redback, but do no damage.
The redback is almost dead.
The redback barely misses you. x2
You closely miss the redback.
The redback is almost dead.
The redback barely misses you.
You hit the redback but do no damage.
The redback is almost dead.
The redback bites you but does no damage.
You puncture the redback!
You kill the redback!
You start resting.
Jiyva gurgles merrily.
Magic restored.
You start resting.
HP restored.
A redback comes into view.
Saving game... please wait.
Welcome back, Armakuni the Human Artificer.
Slime for the Slime God!
Press ? for a list of commands and other information.
Are you sure you want to abandon this character and quit the game? (Confirm with "yes".)

... ...#
#...# ....
### ...# #
####.##..#
#.#P.#.....#
#..∩..<.P#
#...@...##
#...#####
#.....
#.#...#.
#.###^###s
## .# ## ##


There were no monsters in sight!

Vanquished Creatures
  Harold (Lair:2)
  Erica (Lair:2)
  Pikel (D:4)
  Maggie (Lair:2)
  2 cane toads
  A rime drake (Lair:2)
  5 komodo dragons
  A troll (D:8)
  Grinder (D:3)
  The ghost of diceflayer the Shield-Bearer, an amateur FoFi (D:6)
  3 blink frogs (Lair:1)
  2 redbacks (Lair:3)
  3 wyverns
  A yak (Lair:2)
  A swamp worm (Gauntlet)
  4 water moccasins
  A black bear (D:5)
  2 hornet zombies
  2 ice beasts (D:7)
  4 orc warriors
  2 necrophages
  A centaur (D:8)
  7 ogres
  A phantom (D:7)
  A lemure (D:4)
  3 bullfrogs (Lair:1)
  10 scorpions
  2 water moccasin skeletons
  2 jellies
  4 centaur zombies
  A hound (D:5)
  2 human zombies (Ossuary)
  3 orc priests
  An iguana (D:5)
  4 orc wizards
  3 scorpion zombies
  A killer bee zombie (D:7)
  3 mummies (Ossuary)
  7 adders
  A shadow imp (D:7)
  A worm (D:3)
  20 orcs
  11 endoplasms
  2 giant cockroaches
  2 gnoll zombies (Ossuary)
  6 goblins
  10 hobgoblins
  6 jackals
  A quokka (D:5)
  8 ball pythons
  A ball python zombie (D:3)
  8 bats
  A frilled lizard (D:1)
  A giant cockroach zombie (D:3)
  4 hobgoblin zombies (Ossuary)
  A jackal zombie (D:3)
  8 kobolds
  4 kobold zombies (Ossuary)
  2 orc zombies (Ossuary)
  4 rats
198 creatures vanquished.

Vanquished Creatures (collateral kills)
  2 blink frogs (Lair:1)
  Edmund (D:4)
  2 phantoms (D:6)
  An orc (D:6)
  A goblin (D:2)
7 creatures vanquished.

Vanquished Creatures (others)
  A swamp worm (Gauntlet)
  2 steam dragons (D:8)
  2 water moccasins (Lair:1)
  A black bear (D:6)
  A swamp drake (Lair:2)
  2 centaurs (D:8)
  A phantom (D:7)
  A bullfrog (D:8)
  20 jellies
  4 gnolls (D:8)
  An adder (Lair:2)
  A white imp (D:8)
  2 orcs
  13 demonic plants (Gauntlet)
  22 fungi
  33 plants
107 creatures vanquished.

Grand Total: 312 creatures vanquished

Notes
Turn   | Place    | Note
-------+----------+-------------------------------------------
     0 | D:1      | Armakuni the Human Artificer began the quest for the Orb.
     0 | D:1      | Reached XP level 1. HP: 15/15 MP: 1/1
   340 | D:1      | Found a faded altar of an unknown god.
   376 | D:1      | Found Aptotar's Antique Weapon Boutique.
   407 | D:1      | Reached skill level 1 in Maces & Flails
   407 | D:1      | Reached XP level 2. HP: 21/21 MP: 2/2
   563 | D:1      | Reached skill level 2 in Fighting
  1170 | D:1      | Reached XP level 3. HP: 28/28 MP: 3/3
  1788 | D:2      | Reached skill level 3 in Fighting
  2050 | D:2      | Reached XP level 4. HP: 35/35 MP: 4/4
  2102 | D:2      | Reached skill level 1 in Polearms
  2635 | D:3      | Noticed Grinder
  2846 | D:3      | Paralysed by Grinder for 2 turns
  2944 | D:3      | Reached XP level 5. HP: 17/41 MP: 5/5
  3150 | D:3      | Found a basalt altar of Yredelemnul.
  3475 | D:4      | Found a broken altar of Ashenzari.
  3476 | D:4      | Found a burning altar of Makhleb.
  3490 | D:4      | Noticed a necrophage
  3512 | D:4      | Noticed Edmund
  3526 | D:4      | Found a radiant altar of Vehumet.
  3526 | D:4      | Found a stormy altar of Qazlal.
  3851 | D:3      | Found a hide-covered altar of Uskayaw.
  4146 | D:3      | Reached XP level 6. HP: 37/47 MP: 6/6
  4218 | D:5      | Entered Level 5 of the Dungeon
  4256 | D:5      | Identified the +1 robe of Uqystrusi {Str+6 Dex-4}
  4259 | D:5      | Noticed an ogre
  4274 | D:5      | Killed an ogre
  4275 | D:5      | Reached skill level 4 in Fighting
  4704 | D:5      | Noticed an ogre
  4736 | D:5      | Noticed an ogre
  4763 | D:5      | Killed an ogre
  5037 | D:5      | Reached XP level 7. HP: 33/55 MP: 7/7
  5440 | D:1      | Bought a dazzling spear for 144 gold pieces
  5440 | D:1      | Identified the +5 spear "Untoth" {pain, +Rage Stlth+} (You
                  | bought it in a shop on level 1 of the Dungeon)
  5676 | D:3      | Killed Grinder
  5767 | D:4      | Reached skill level 5 in Evocations
  5858 | D:4      | Reached XP level 8. HP: 61/61 MP: 8/8
  5927 | D:4      | Noticed Pikel
  5945 | D:4      | Killed Edmund
  5956 | D:4      | Killed Pikel
  5957 | D:4      | Reached skill level 5 in Fighting
  6016 | D:4      | Reached skill level 6 in Fighting
  6081 | D:4      | Reached XP level 9. HP: 68/71 MP: 9/9
  6299 | D:4      | Reached skill level 7 in Fighting
  6759 | D:5      | Reached skill level 8 in Fighting
  6842 | D:5      | Found a blossoming altar of Fedhas.
  7040 | D:6      | Found a sand-covered staircase.
  7050 | Ossuary  | Entered an ossuary
  7502 | Ossuary  | Reached skill level 9 in Fighting
  8118 | D:6      | Noticed diceflayer's ghost (amateur FoFi)
  8139 | D:6      | Found a runed translucent door.
  8162 | D:6      | Reached skill level 10 in Fighting
  8311 | D:6      | Reached XP level 10. HP: 67/85 MP: 10/10
  8492 | D:6      | Killed diceflayer's ghost
  8542 | D:6      | Found a staircase to the Ecumenical Temple.
  8548 | Temple   | Entered the Ecumenical Temple
  8673 | Temple   | Became a worshipper of Jiyva Jietheon the Shapeless
  9049 | D:6      | Found a shadowy altar of Dithmenos.
  9252 | D:6      | Reached * piety under Jiyva
  9519 | D:7      | Found a hazy altar of Hepliaklqana.
  9554 | D:7      | Reached skill level 5 in Armour
  9716 | D:7      | Reached skill level 5 in Dodging
 10212 | D:8      | Reached ** piety under Jiyva
 10312 | D:8      | Found a staircase to the Lair.
 10487 | D:8      | Reached *** piety under Jiyva
 10868 | Lair:1   | Entered Level 1 of the Lair of Beasts
 10910 | Lair:1   | Noticed a cane toad
 10917 | Lair:1   | Killed a cane toad
 11113 | Lair:1   | Noticed a komodo dragon
 11123 | Lair:1   | Killed a komodo dragon
 11124 | Lair:1   | Reached XP level 11. HP: 90/90 MP: 11/11
 12359 | Lair:2   | Noticed Maggie
 12693 | Lair:2   | Gained mutation: Armour fits poorly on your pseudopods.
                  | [Jiyva's grace]
 12705 | Lair:2   | Noticed Harold
 13081 | Lair:2   | Noticed Erica
 13102 | Lair:2   | Killed Erica
 13357 | Lair:2   | Killed Maggie
 13638 | Lair:2   | Killed Harold
 13834 | Lair:3   | Found a gate leading to a gauntlet.
 13839 | Gauntlet | Entered a Gauntlet
 13839 | Gauntlet | Found a transporter.
 13850 | Gauntlet | Noticed a hell beast
 13880 | Gauntlet | Found a transporter.
 13882 | Gauntlet | Found a transporter.
 13882 | Gauntlet | Found a transporter.
 13882 | Gauntlet | Noticed an entropy weaver
 13885 | Gauntlet | Found a transporter.
 13886 | Gauntlet | Found a transporter.
 13893 | Gauntlet | Noticed a green death
 13895 | Gauntlet | Found a transporter.
 13902 | Gauntlet | Found a transporter.
 13915 | Gauntlet | Found a transporter.
 13937 | Gauntlet | Found a transporter.
 13939 | Gauntlet | Found a transporter.
 13941 | Gauntlet | Noticed a wizard
 13942 | Gauntlet | Noticed a wizard
 13947 | Gauntlet | Found a transporter.
 14082 | Gauntlet | Identified the ring "Gaanecs" {Fire rPois Will- Str+4}
 14108 | Gauntlet | Identified the ring of Wipribup {rPois rCorr Str+2 Int+3
                  | Dex+2}
 14122 | Gauntlet | Noticed a minotaur
 14166 | Gauntlet | Identified the +2 robe of Cheibriados {rPois}
 14392 | Lair:3   | Upgraded the game from 0.27-a0-998-g4cfe56dd59 to
                  | 0.27-a0-1006-g1fd4cec11e
 14392 | Lair:3   | Quit the game

Illustrated notes

Levels and vault maps discovered:
D:1:      minmay_arrival_diagonal_passages, layout_basic,
          chequers_ecumenical_altar_simple_redux, serial_shops, shop
D:2:      layout_rooms
D:3:      layout_rooms, nicolae_yredelemnul_corpse_copse,
          eat_drink_and_be_merry_uskayaw, uniq_grinder
D:4:      layout_rooms, chequers_temple_overflow_statue_of_worship,
          minmay_misc_feat_five, guppyfry_early_orc_mine, uniq_pikel,
          uniq_edmund
D:5:      layout_basic, lemuel_round_altar, kennysheep_dice
D:6:      layout_basic, nicolae_overflow_hidden_temple,
          minmay_temple_entry_enclosed_plants, enter_ossuary_3,
          hellmonk_ghost_happy_afterlife, grunt_decor_resistance,
          kennysheep_generic_room_10
D:7:      layout_cave_pools, worldfamousw_hep_ancestral_shrine
D:8:      layout_loops_cross, lair_entry_dummy
Temple:   pf_slime_end_temple
Lair:1:   layout_cave_pods, grunt_megastairs_5
Lair:2:   layout_loops_ring, st_stairs_3, dpeg_stationary_puzzle,
          lemuel_fruit_tree, uniq_maggie, uniq_erica, uniq_harold
Lair:3:   layout_concentric_octagons, nicolae_spider_entry_tight_spaces,
          gauntlet_entry_generic, chequers_serial_rivers_marsh

Skill      XL: |  1  2  3  4  5  6  7  8  9 10 11 |
---------------+----------------------------------+-----
Maces & Flails | 1 |  1.0
Fighting       | 2 3 4 6 10 | 10.5
Polearms       | 2 3 4 |  4.6
Evocations     | 5 7 |  7.0
Armour         | 6 8 |  8.8
Dodging        | 6 8 |  8.6
Stealth        | |  1.0

Action                   |  1- 3 |  4- 6 |  7- 9 | 10-12 || total
-------------------------+-------+-------+-------+-------++-------
Melee: Club              |   150 |     6 |       |       ||   156
       Trident           |       |   204 |     5 |       ||   209
       Unarmed           |       |     8 |       |       ||     8
       Spear             |       |       |   283 |   367 ||   650
       Pseudopods        |       |       |       |    16 ||    16
Throw: Stone             |     8 |       |       |       ||     8
       Boomerang         |     2 |    12 |    12 |    12 ||    38
Invok: Request Jelly     |       |       |       |     1 ||     1
 Abil: Evoke Berserk Rag |       |       |    11 |    20 ||    31
Evoke: Piece from Xom's  |    17 |     8 |       |    13 ||    38
       Wand              |    13 |     5 |     7 |    17 ||    42
       Box of beasts     |       |       |       |     1 ||     1
  Use: Scroll            |     3 |     3 |     5 |     9 ||    20
       Potion            |       |     4 |     2 |     7 ||    13
 Stab: Sleeping          |     3 |     3 |     5 |     3 ||    14
       Petrified         |    16 |       |       |     7 ||    23
       Petrifying        |       |     1 |       |     1 ||     2
       Distracted        |       |     1 |     1 |     2 ||     4
       Paralysed         |       |       |     5 |       ||     5
       Invisible         |       |       |       |     2 ||     2
       Betrayed ally     |       |       |       |     1 ||     1
Armor: Leather armour    |    45 |    65 |     7 |       ||   117
       Ring mail         |       |       |   125 |   108 ||   233
Dodge: Dodged            |    83 |   145 |   119 |   146 ||   493

Table legend: (Time is in decaauts)
 A = Elapsed time spent in this place.
 B = Non-inter-level travel time spent in this place.
 C = Inter-level travel time spent in this place.
 D = Time resting spent in this place.
 E = Time spent auto-exploring this place.
 F = Levels seen in this place.
 G = Mean time per level.
                   A        B        C        D        E       F      G
               +--------+--------+--------+--------+--------+-----+--------+
         Total |  14641 |  14072 |    569 |   4331 |   6325 |  14 | 1045.8 |
       Dungeon |   9951 |   9460 |    491 |   2749 |   4221 |   8 | 1243.9 |
        Temple |    140 |    126 |     14 |      0 |    123 |   1 |  140.0 |
          Lair |   3262 |   3198 |     64 |   1146 |   1549 |   3 | 1087.3 |
       Ossuary |    968 |    968 |      0 |    435 |    234 |   1 |  968.0 |
      Gauntlet |    317 |    317 |      0 |      0 |    198 |   1 |  317.0 |
               +--------+--------+--------+--------+--------+-----+--------+

Top non-repeatable levels by time:
  Lair:1: 1823 daAuts
     D:1: 1817 daAuts
     D:5: 1772 daAuts
     D:2: 1464 daAuts
     D:6: 1323 daAuts
  Lair:2: 1222 daAuts
     D:3: 1097 daAuts
     D:4: 999 daAuts
 Ossuary: 968 daAuts
     D:8: 946 daAuts
     D:7: 529 daAuts
Gauntlet: 317 daAuts
  Lair:3: 216 daAuts
  Temple: 140 daAuts
